 Dungeon Crawl Stone Soup version 0.31-a0-743-g45f7035092 (webtiles) character file.

Game seed: 7533257041099708524

502 cforsyth the Trooper (level 7, -1/49 HPs)
             Began as a Djinni Chaos Knight on Sept 12, 2023.
             Was a Follower of Hepliaklqana.
             Killed from afar by an orc wizard (6 damage)
             ... with a magic dart
             ... on level 7 of the Dungeon.
             The game lasted 00:05:37 (3380 turns).

cforsyth the Trooper (Djinni Chaos Knight)          Turns: 3380, Time: 00:05:38

Health: -1/49      AC:  7    Str: 11    XL:     7   Next: 40%
Gold:   1207       EV: 11    Int: 15    God:    Hepliaklqana [*.....] SH:  0 Dex: 13

rFire   + + .        a - +0 falchion (chaos)
rCold   x . .        (no shield)
rNeg    . . .        b - +2 leather armour
rPois   ∞            (no helmet)
rElec   .            (no cloak)
rCorr   .            r - +1 pair of gloves
SInv    .            (boots unavailable)
Will    .....        (no amulet)
Stlth   +            m - ring of wizardry
HPRegen 0.28/turn    (no ring)
MPRegen 0.00/turn

%: wizardry (x1), infuse magic (-2 HP)
@: flying
A: reduced essence, sickness immunity, fire resistance 2, cold vulnerability 1,
float, innate caster, HP casting, extra vitality 1
a: Renounce Religion, Recall Ancestor, Ancestor Identity


You were on level 7 of the Dungeon.
You worshipped Hepliaklqana.
Hepliaklqana was aware of your devotion.
You visited 1 branch of the dungeon, and saw 5 of its levels.

You collected 1207 gold pieces.

Inventory:

Hand Weapons
 a - a +0 falchion of chaos (weapon)
Armour
 b - a +2 leather armour (worn)
 r - a +1 pair of gloves (worn)
Jewellery
 m - a ring of wizardry (left hand)
Wands
 s - a wand of acid (15)
Scrolls
 c - 2 scrolls of butterflies
 i - a scroll of enchant armour
 p - a scroll of fear
Potions
 d - 2 potions of haste
 e - 2 potions of invisibility
 f - a potion of brilliance {unknown}
 g - 2 potions of curing
 h - 2 potions of mutation
 k - a potion of enlightenment {unknown}
 o - a potion of heal wounds {unknown}
 u - a potion of might {unknown}


   Skills:
 + Level 5.9 Fighting
 - Level 2.6 Long Blades
 - Level 1.0 Armour
 - Level 2.1 Dodging
 + Level 3.6 Spellcasting
 + Level 3.6 Conjurations
 + Level 3.6 Hexes
 + Level 3.6 Summonings
 + Level 3.6 Necromancy
 + Level 3.6 Translocations
 + Level 3.6 Transmutations
 + Level 3.6 Fire Magic
 + Level 3.6 Ice Magic
 + Level 3.6 Air Magic
 + Level 3.6 Earth Magic
 + Level 3.6 Poison Magic


You knew the following spells:

 Your Spells              Type           Power      Damage    Failure   Level
a - Foxfire               Conj/Fire      52%        2x1d6     2%          1
b - Passwall              Tmut/Erth      10%        N/A       3%          2
c - Searing Ray           Conj           26%        2d5       3%          2
Your spell library was empty.

Dungeon Overview and Level Annotations

Branches:
Dungeon (7/15)
 Temple: D:4-7

Altars:
Elyvilon
Hepliaklqana
Ru
Trog

Shops:
D:2 (


Innate Abilities, Weirdness & Mutations

Your life essence is reduced to manifest your ancestor. (-10% HP)
You are immune to sickness and miasma.
You are immune to poison.
Your flesh is very heat resistant. (rF++)
You are vulnerable to cold. (rC-)
You float through the air rather than walking.
You learn spells naturally, not from books.
Your magical power is your life essence.
You have superior vitality. (+4 MHP)


Message History

Tiberius hits the orc.
The orc hits you with a +0 hand axe.
The orc hits Tiberius with a +0 hand axe.
The orc warrior shoots an arrow.
The arrow closely misses you.
You barely miss the orc.
The orc is heavily wounded.
Tiberius closely misses the orc.
The orc closely misses you.
The orc hits Tiberius but does no damage.
The orc warrior shoots an arrow.
The arrow hits you!
You hit the orc but do no damage.
The orc is heavily wounded.
Tiberius hits the orc.
The orc dies!
Something hits you but does no damage.
The orc warrior shoots an arrow.
The arrow hits you!
Tiberius hits something.
Something hits Tiberius.
The orc warrior unwields a +0 orcbow.
The orc warrior wields a +0 glaive.
The orc warrior closely misses you.
Things that are here:
a +0 hand axe; an orc corpse You hit the orc warrior but do no damage.
The orc warrior suddenly seems more resistant.
Tiberius hits something.
You hear some strange, mumbled words.
Tiberius appears confused.
The orc warrior hits you with a +0 glaive!!
* * * LOW HITPOINT WARNING * * *
You barely miss the orc warrior.
Tiberius hits himself.
Something hits Tiberius but does no damage.
The orc warrior completely misses you.
You swap places.
Tiberius completely misses something.
Something hits Tiberius.
The orc warrior unwields a +0 glaive.
The orc warrior wields a +0 orcbow.
The orc warrior shoots an arrow.
The arrow hits Tiberius!
You closely miss something.
Tiberius completely misses something.
Something hits you.
* * * LOW HITPOINT WARNING * * *
The orc warrior shoots an arrow.
The arrow hits Tiberius.
You hear some strange, mumbled words.
A magic dart appears from out of thin air!
The magic dart hits you.
You die...

.#...........≈..≈..
#......<....≈..≈..
#.....##.......+._
##.....###+....## # #
#.............[.+ .+
#............#..# #..#
#............#..# ....#
#..........######.....#
#............#@)o..!...
#.............R{.#####.
#+####+###########


You could see the friendly Tiberius the ancestor (confused) and an orc warrior
(resistant).

Vanquished Creatures
  Menkaure (D:4)
  An ice beast (D:4)
  A howler monkey (D:2)
  A hound (D:4)
  An orc priest (D:7)
  An orc wizard (D:3)
  Robin (D:2)
  3 gnolls
  6 adders
  2 dart slugs
  2 orcs (D:3)
  6 endoplasms
  2 giant cockroaches
  12 goblins
  6 hobgoblins
  3 quokkas
  14 ball pythons
  3 bats
  3 frilled lizards
  2 kobolds
  10 rats
81 creatures vanquished.

Vanquished Creatures (collateral kills)
  An orc (D:7)
  A giant cockroach (D:1)
  5 foxfires
7 creatures vanquished.

Vanquished Creatures (others)
  181 foxfires
181 creatures vanquished.

Grand Total: 269 creatures vanquished

Notes
Turn   | Place    | Note
-------+----------+-------------------------------------------
     0 | D:1      | cforsyth the Djinni Chaos Knight began the quest for the
                  | Orb.
     0 | D:1      | Reached XP level 1. HP: 20/20 MP: 0/0
     3 | D:1      | Noticed an electric eel
     4 | D:1      | Noticed an electric eel
     7 | D:1      | XOM: silly message
    84 | D:1      | Reached XP level 2. HP: 24/25 MP: 0/0
   370 | D:1      | Reached skill level 1 in Spellcasting
   370 | D:1      | Reached skill level 1 in Conjurations
   370 | D:1      | Reached skill level 1 in Hexes
   370 | D:1      | Reached skill level 1 in Summonings
   370 | D:1      | Reached skill level 1 in Necromancy
   370 | D:1      | Reached skill level 1 in Translocations
   370 | D:1      | Reached skill level 1 in Transmutations
   370 | D:1      | Reached skill level 1 in Fire Magic
   370 | D:1      | Reached skill level 1 in Ice Magic
   370 | D:1      | Reached skill level 1 in Air Magic
   370 | D:1      | Reached skill level 1 in Earth Magic
   370 | D:1      | Reached skill level 1 in Poison Magic
   431 | D:1      | Reached XP level 3. HP: 30/30 MP: 0/0
   431 | D:1      | Learned a level 1 spell: Foxfire
   484 | D:1      | XOM: divination: detect creatures
   895 | D:2      | XOM: 1-stop teleportation journey
   904 | D:2      | Noticed Robin
   916 | D:2      | Killed Robin
   944 | D:2      | Reached XP level 4. HP: 24/37 MP: 0/0
   986 | D:2      | Reached skill level 4 in Fighting
  1348 | D:2      | Reached XP level 5. HP: 34/41 MP: 0/0
  1348 | D:2      | Learned a level 2 spell: Passwall
  1379 | D:2      | Found a faded altar of an unknown god.
  1644 | D:2      | Found Qub Nim's Antique Weapon Emporium.
  1801 | D:3      | Found a hazy altar of Hepliaklqana.
  1830 | D:3      | Fell from the grace of Xom
  1830 | D:3      | Became a worshipper of Hepliaklqana the Forgotten
  1916 | D:3      | Found a bloodstained altar of Trog.
  2035 | D:3      | Found a white marble altar of Elyvilon.
  2354 | D:2      | Reached XP level 6. HP: 31/49 MP: 0/0
  2575 | D:3      | Reached skill level 5 in Fighting
  3165 | D:4      | Noticed Menkaure
  3171 | D:4      | Killed Menkaure
  3240 | D:4      | Reached XP level 7. HP: 50/54 MP: 0/0
  3240 | D:4      | Learned a level 2 spell: Searing Ray
  3339 | D:4      | You are sucked into a shaft and drop 3 floors!
  3342 | D:7      | Identified a scroll of acquirement
  3342 | D:7      | Acquired 1060 gold pieces
  3354 | D:7      | Reached * piety under Hepliaklqana
  3355 | D:7      | Found a sacrificial altar of Ru.
  3380 | D:7      | Killed from afar by an orc wizard

Illustrated notes

Levels and vault maps discovered:
D:1:      arrival_aquarium_b, layout_loops_ring, serial_bayou,
          serial_bayou_lake_a, serial_bayou_lagoon_b, serial_bayou_pond_d,
          serial_bayou_pond_d
D:2:      layout_rooms, nicolae_ecumenical_snake_handling, serial_shops, shop,
          st_stairs_4, minmay_shallow_snake_nest, uniq_robin
D:3:      layout_basic, trog_book, mainiacjoe_overflow_cross_hatched,
          mainiacjoe_overflow_surrounded_room
D:4:      layout_basic, lemuel_crystal_altar, uniq_menkaure
D:7:      layout_gridville, pdpol_wu_jian_five_deadly_venoms,
          nicolae_tso_carved_into_rock, hangedman_ru_absence,
          minmay_temple_entry_waves, nicolae_ossuary_entry_ruins,
          enter_bailey_5, grunt_decor_arrowhead, minmay_diced_spiral

Skill      XL: |  1  2  3  4  5  6 |
---------------+-------------------+-----
Spellcasting   | 1 2 3 |  3.6
Conjurations   | 1 2 3 |  3.6
Hexes          | 1 2 3 |  3.6
Summonings     | 1 2 3 |  3.6
Necromancy     | 1 2 3 |  3.6
Translocations | 1 2 3 |  3.6
Transmutations | 1 2 3 |  3.6
Fire Magic     | 1 2 3 |  3.6
Ice Magic      | 1 2 3 |  3.6
Air Magic      | 1 2 3 |  3.6
Earth Magic    | 1 2 3 |  3.6
Poison Magic   | 1 2 3 |  3.6
Fighting       | 4 5 |  5.9
Long Blades    | |  2.6
Armour         | |  1.0
Dodging        | |  2.1

Action                     |  1- 3 |  4- 6 |  7- 9 || total
---------------------------+-------+-------+-------++-------
  Melee: Falchion          |    53 |   113 |     7 ||   173
   Cast: Foxfire           |    21 |    82 |     4 ||   107
         Searing Ray       |       |       |     2 ||     2
    Use: Scroll            |       |       |    11 ||    11
   Stab: Sleeping          |       |     1 |       ||     1
 Armour: Leather armour    |    25 |   101 |    14 ||   140
  Dodge: Dodged            |    33 |    99 |     8 ||   140

Table legend: (Time is in decaauts)
 A = Elapsed time spent in this place.
 B = Non-inter-level travel time spent in this place.
 C = Inter-level travel time spent in this place.
 D = Time resting spent in this place.
 E = Time spent auto-exploring this place.
 F = Levels seen in this place.
 G = Mean time per level.
                   A        B        C        D        E       F      G
               +--------+--------+--------+--------+--------+-----+--------+
         Total |   3411 |   3296 |    115 |    284 |   2352 |   5 |  682.2 |
       Dungeon |   3411 |   3296 |    115 |    284 |   2352 |   5 |  682.2 |
               +--------+--------+--------+--------+--------+-----+--------+

Top non-repeatable levels by time:
     D:2: 1128 daAuts
     D:1: 987 daAuts
     D:3: 908 daAuts
     D:4: 345 daAuts
     D:7: 41 daAuts
